Match 40071881
Unlisted

Match 40071881
End
Kradschützen Motorcycle Team
Selects Panzerjäger Kommand Battlegroup
Panzergrenadier Squad
250 Light Carrier
Panzerpioneer Squad
Construct Light Support Kompanie
Fire Support Elements
Combat Half-tracks
Panzergrenadier Squad
Pak 38 Mechanized Group
Selects GrB 39 Grenade Launcher Requisition
Selects Mine Fields
Selects Defensive Positions
MG34 Team
Construct Mechanized Kompanie
Flakvierling Half-track
le.IG 18 Mechanized Group
StuG III D Assault Gun
Vehicle Survival Package
2.5-tonne Medical Truck
Panzerpioneer Squad
Construct Panzerarmee Kommand
Selects Crew Shock Tactics
LanceCriminal619
Hemera.Helio
Nashorn101
DadForce4
hosconinja557[CI]
Duzaman
0
0

Comments sign in to comment!

No comments posted yet!